 Dungeon Crawl Stone Soup version 0.17-a0-1262-gd250d98 (webtiles) character file.

1372 InterDimensionalOwl the Geomancer (level 8, 0/52 HPs)
             Began as a Formicid Earth Elementalist on June 4, 2015.
             Was a Priest of Sif Muna.
             Succumbed to a scorpion's poison
             ... in an ossuary on June 6, 2015.
             The game lasted 01:12:56 (6139 turns).

InterDimensionalOwl the Geomancer (FoEE)            Turns: 6139, Time: 01:12:57

Health: 0/52       AC:  2    Str: 18    XL:     8   Next: 98%
Magic:  7/18       EV: 17    Int: 22    God:    Sif Muna [***...]
Gold:   238        SH:  0    Dex: 16    Spells: 3 memorised, 13 levels left

rFire  . . .     SeeInvis +     b - +2 dagger (venom)
rCold  . . .     Clarity  .     h - +0 robe
rNeg   + . .     SustAt   .     (no shield)
rPois  .         Gourm    .     (helmet unavailable)
rElec  .         Spirit   .     (no cloak)
rCorr  .         Warding  +     (no gloves)
rMut   .         Stasis   +     (no boots)
MR     .....                    o - amulet of warding
Stlth  +++++.....               t - ring of stealth
                                p - ring of wizardry

@: mighty, brilliant, agile, lethally poisoned (0 -> -2), flying, not resistant
to hostile enchantments, quite stealthy
A: permanent stasis, dig shafts and tunnels, four strong arms, antennae 3
a: Dig, Shaft Self, Channel Energy, Forget Spell, Renounce Religion


You were in an ossuary.
You worshipped Sif Muna.
Sif Muna was most pleased with you.
You were hungry.

You visited 1 branch of the dungeon, and saw 5 of its levels.
You also visited: Ossuary.

You collected 238 gold pieces.

Inventory:

Hand weapons
 b - a +2 dagger of venom (weapon)
 l - a +0 dagger
Missiles
 a - 29 stones
 i - 5 javelins of penetration (quivered)
Armour
 h - a +0 robe (worn)
 y - the +1 chain mail of Udua {rElec, unknown}
   (You found it on level 4 of the Dungeon)

   It insulates you from electricity.
Jewellery
 m - an uncursed amulet of rage
 o - an amulet of warding (around neck)
 p - a ring of wizardry (left hand)
 t - a ring of stealth (right hand)
 u - a +4 ring of dexterity
 x - an uncursed ring of sustain attributes {unknown}
Scrolls
 f - 2 scrolls of enchant weapon
 g - a scroll of recharging
 j - 3 scrolls of remove curse
 r - 6 scrolls of identify
 A - a scroll of amnesia
Books
 c - a book of Geomancy

   Spells                             Type                      Level
   a - Sandblast                      Earth                        1
   b - Stoneskin                      Transmutation/Earth          2
   c - Passwall                       Transmutation/Earth          3
   d - Stone Arrow                    Conjuration/Earth            3
   e - Petrify                        Transmutation/Earth          4
   f - Lee's Rapid Deconstruction     Earth                        5
Comestibles
 d - 3 bread rations
 k - 7 meat rations
 z - 2 fruits


   Skills:
 - Level 1.8 Dodging
 - Level 3.4 Stealth
 + Level 6.7 Spellcasting
 - Level 3.0 Conjurations
 - Level 3.1 Transmutations
 + Level 8.4 Earth Magic


You had 13 spell levels left.
You knew the following spells:

 Your Spells              Type           Power        Failure   Level  Hunger
a - Sandblast             Erth           ######       1%          1    None
b - Stone Arrow           Conj/Erth      #####.       1%          3    #......
c - Passwall              Trmt/Erth      #####.....   1%          3    #......


Dungeon Overview and Level Annotations

Branches:
Dungeon (5/15)
 Temple: D:4-7

Altars:
Makhleb
Nemelex Xobeh
Ru
Sif Muna

Annotations:
D:4 exclusion: door


Innate Abilities, Weirdness & Mutations

You are under a permanent stasis effect.
You can dig through walls and to a lower floor.
Your four strong arms can wield two-handed weapons with a shield.
You have a pair of large antennae on your head (SInv).


Message History

You feel sick.
Drink which item? (? for menu, Esc to quit)
It was a potion of flight.
You feel very buoyant.
You fly up into the air.
Drink which item? (? for menu, Esc to quit)
It was a potion of might.
You feel very mighty all of a sudden.
* * * LOW HITPOINT WARNING * * *
You feel sick.
Read which item? (? for menu, Esc to quit)
As you read the scroll labeled OJYSYPO XEAWARGH, it crumbles to dust.
Formicids cannot teleport.
It was a scroll of blinking.
Drink which item? (? for menu, Esc to quit)
You feel clever all of a sudden.
* * * LOW HITPOINT WARNING * * *
You feel sick.
* * * LOW HITPOINT WARNING * * *
You feel sick.
You die...

##'###########8...8###'##
#!.?#...#...#.......#!!!#
#!.?#...8...#...8. #?..#
#.??#.......#...# {#!?.#
######8...8###'##########
#...#.......#...#...#...#
#.^^'...8...#..^'...'^..#
#.^%#...#...#...#...#^.^#
##'#######@###########'##
#...#...#.^.#.....#.....#
#...8...#...+ZZ...#.....#
#.......#.^.#{....8.....#
##8...8######...........#
#.......#...#....†......#
#...8...#...###8.....8###
#...#...#...#...........#
######'###'##...........#


There were no monsters in sight!

Vanquished Creatures
  An ogre (D:4)
  2 phantoms (D:4)
  A sky beast (D:5)
  6 scorpions
  4 hounds
  3 orc wizards
  A centaur zombie (Ossuary)
  2 orc priests (D:4)
  An iguana (D:4)
  3 worker ants (D:4)
  Terence (D:2)
  2 big kobold zombies (Ossuary)
  A hound skeleton (D:4)
  A mummy (Ossuary)
  4 scorpion zombies (Ossuary)
  4 adders
  8 gnolls
  A shadow imp (D:5)
  An ooze (D:1)
  2 worms
  An adder skeleton (D:4)
  2 giant geckos
  3 orcs
  6 bats
  11 hobgoblins
  5 jackals
  A quokka (D:2)
  6 giant cockroaches
  6 giant newts
  2 gnoll zombies (Ossuary)
  7 goblins
  2 goblin zombies (Ossuary)
  A hobgoblin zombie (Ossuary)
  4 kobolds
  A kobold zombie (Ossuary)
  A quokka skeleton (D:5)
  A quokka zombie (D:5)
  4 rats
113 creatures vanquished.

Vanquished Creatures (others)
  A mummy (Ossuary)
1 creature vanquished.

Grand Total: 114 creatures vanquished

Notes
Turn   | Place    | Note
--------------------------------------------------------------
     0 | D:1      | InterDimensionalOwl the Formicid Earth Elementalist began the quest for the Orb.
     0 | D:1      | Reached XP level 1. HP: 13/13 MP: 3/3
   215 | D:1      | Reached skill level 4 in Earth Magic
   515 | D:1      | Reached XP level 2. HP: 19/19 MP: 3/5
   931 | D:1      | Reached XP level 3. HP: 20/24 MP: 1/6
  1488 | D:2      | Found a burning altar of Makhleb.
  1492 | D:2      | Reached XP level 4. HP: 26/30 MP: 1/8
  1520 | D:2      | Found a sparkling altar of Nemelex Xobeh.
  1552 | D:2      | Upgraded the game from 0.17-a0-1210-g1e4f09d to 0.17-a0-1262-gd250d98
  1586 | D:2      | Learned a level 3 spell: Stone Arrow
  1879 | D:2      | Noticed Terence
  1922 | D:2      | Killed Terence
  2039 | D:3      | Found a deep blue altar of Sif Muna.
  2044 | D:3      | Became a worshipper of Sif Muna the Loreminder
  2055 | D:3      | Reached skill level 1 in Conjurations
  2055 | D:3      | Reached skill level 5 in Earth Magic
  2055 | D:3      | Reached XP level 5. HP: 35/35 MP: 5/10
  2207 | D:3      | Learned a level 3 spell: Passwall
  2332 | D:3      | Reached XP level 6. HP: 41/41 MP: 3/11
  2727 | D:4      | Found a sacrificial altar of Ru.
  3139 | D:4      | Acquired Sif Muna's first power
  3436 | D:4      | Reached XP level 7. HP: 41/46 MP: 10/13
  3623 | D:4      | Reached skill level 6 in Earth Magic
  4014 | D:4      | Got an amethyst-encrusted chain mail
  4093 | D:4      | Acquired Sif Muna's second power
  4364 | D:4      | Reached skill level 5 in Spellcasting
  4364 | D:4      | Reached XP level 8. HP: 12/52 MP: 8/15
  4633 | D:4      | Reached skill level 7 in Earth Magic
  4819 | D:5      | Entered Level 5 of the Dungeon
  4940 | D:5      | Found a sand-covered staircase.
  5007 | Ossuary  | Entered an ossuary
  5693 | Ossuary  | Reached skill level 8 in Earth Magic
  6131 | Ossuary  | HP: 2/52 [poisoned by a scorpion]
  6136 | Ossuary  | HP: 1/52 [poisoned by a scorpion]
  6139 | Ossuary  | Succumbed to a scorpion's poison

Vault maps used:
D:1:      eino_arrival_cavern_a
D:2:      makhleb_heckhound_becter, serial_curves, eino_curves_04,
          eino_curves_04, nemelex_xobeh_ov_fountains_minmay, uniq_terence
D:3:      led_sif_book, minmay_bisected
D:4:      old_standard_altar, gup_sewer_entry_glass,
          hangedman_abyss_or_decor_lesser_grid, minivault_19
D:5:      minmay_temple_entry_trees, nicolae_ossuary_entry_ruins, first_bread
Ossuary:  ossuary_minmay_scorpions

Action                   |  1- 3 |  4- 6 |  7- 9 || total
-------------------------+-------+-------+-------++-------
Melee: Club              |     5 |       |       ||     5
       Unarmed           |     3 |       |       ||     3
       Dagger            |    14 |    18 |     4 ||    36
Throw: Javelin           |       |     7 |    20 ||    27
       Stone             |       |       |     2 ||     2
 Cast: Sandblast         |    40 |    76 |   117 ||   233
       Stone Arrow       |       |     4 |    29 ||    33
 Abil: Dig               |       |     1 |     2 ||     3
  Use: Scroll            |     2 |     5 |     1 ||     8
       Potion            |       |     1 |     5 ||     6
 Stab: Sleeping          |     2 |     4 |     1 ||     7
  Eat: Chunk             |     2 |     8 |     6 ||    16
       Fruit             |       |       |     1 ||     1
       Pizza             |       |       |     1 ||     1
